 Dungeon Crawl Stone Soup version 0.28.0-43-g3370ac3207 (webtiles) character file.

Game seed: 4646784729305898283

11 pkoi the Changer (level 2, -5/14 HPs)
             Began as a Spriggan Transmuter on Mar 8, 2022.
             Slain by a gnoll
             ... wielding a +0 flail
              (13 damage)
             ... on level 1 of the Dungeon.
             The game lasted 00:00:53 (769 turns).

pkoi the Changer (Spriggan Transmuter)               Turns: 769, Time: 00:00:54

Health: -5/14      AC:  2    Str:  6    XL:     2   Next: 17%
Magic:  5/6        EV: 17    Int: 14    God:
Gold:   0          SH:  0    Dex: 15    Spells: 5/6 levels left

rFire   . . .      SeeInvis +   e - +2 whip (pain)
rCold   . . .      Faith    .   (no shield)
rNeg    . . .      Spirit   .   a - +0 robe
rPois   .          Reflect  .   (helmet currently unavailable)
rElec   .          Harm     .   (no cloak)
rCorr   .          Rampage  .   (gloves unavailable)
Will    .....                   (boots unavailable)
Stlth   +.........              (no amulet)
HPRegen 0.04/turn               (no ring)
MPRegen 0.10/turn               (no ring)

@: appendages, very quick
A: horns 2, talons 2, very small, no large weapons, unfitting armour, see
invisible, speed 3
a: End Transformation


You were on level 1 of the Dungeon.
You had temporarily grown beastly horns and talons.
You visited 1 branch of the dungeon, and saw 1 of its levels.

Inventory:

Hand Weapons
 d - a +0 short sword
 e - a +2 whip of pain (weapon)
Armour
 a - a +0 robe (worn)
Scrolls
 c - a scroll of identify {unknown}
Potions
 b - a potion of curing {unknown}


   Skills:
 - Level 0.7 Fighting
 - Level 2.6 Dodging
 * Level 2.7 Unarmed Combat
 + Level 2.9 Spellcasting
 + Level 0.3 Necromancy
 + Level 3.0 Transmutations


You had 5 spell levels left.
You knew the following spells:

 Your Spells              Type           Power      Damage    Failure   Level
a - Beastly Appendage     Tmut           20%        N/A       6%          1

Your spell library contained the following spells:

 Spells                   Type           Power      Damage    Failure   Level
 Wereblood                Tmut           10%        N/A       10%         2
 Spider Form              Tmut/Pois      6%         N/A       34%         3
 Ice Form                 Ice/Tmut       6%         N/A       75%         4


Dungeon Overview and Level Annotations

Branches:
Dungeon (1/15)

Altars:


Innate Abilities, Weirdness & Mutations

You have temporarily grown beastly horns and talons.
You are very small and have problems with some larger weapons.
You are too small for most types of armour.
You have supernaturally acute eyesight. (SInv)
You cover ground extremely quickly. (Speed+++)


Message History

The ball python hisses angrily.
You grow a pair of large bovine horns.
Your feet morph into talons.
The bat barely misses you.
You hit the ball python.
You kill the ball python!
Your transformation is almost over.
The bat misses you. The bat misses you.
You hit the rat.
You kill the rat!
The bat misses you.
You closely miss the bat. Your kick misses the bat. Your punch misses the bat.
The bat barely misses you.
You hit the bat.
You kill the bat!
No target in view!
No target in view!
Your horns disappear.
Your talons disappear.
Found a faded altar of an unknown god.
There is a faded altar of an unknown god here.
A gnoll comes into view. It is wielding a +0 flail.
The gnoll shouts!
A gnoll is nearby!
A gnoll is nearby!
A gnoll is nearby!
You grow a pair of large bovine horns.
Your feet morph into talons.
The gnoll hits you with a +0 flail.
* * * LOW HITPOINT WARNING * * *
You are too injured to fight recklessly!
You are too injured to fight recklessly!
You hit the gnoll.
The gnoll is lightly wounded.
The gnoll misses you.
You closely miss the gnoll.
The gnoll is lightly wounded.
The gnoll hits you with a +0 flail.
* * * LOW HITPOINT WARNING * * *
The gnoll hits you with a +0 flail!
Ouch! That really hurt!
You die...

#....# ##
#.###..._..#....
.#...# .# #.#
#.#.#.##..###
.#...#####.##
#.# ###.#.....#
.#.......[..#
#.# ..####..
.#........# #.#
.### ##
#.........#
#.###....
#........)#
#........
.....#.####
#..#####.
.....#.# #@.#
.....#.# #g.#
.....#.. .....
.....##. ....#.#
.....# .#
#....#.#
.....##.# #.#.##
# ....... ....#
......## ##....
......#


You could see a gnoll.

Vanquished Creatures
  2 ball pythons (D:1)
  2 bats (D:1)
  A giant cockroach (D:1)
  A quokka (D:1)
  2 goblins (D:1)
  2 kobolds (D:1)
  2 rats (D:1)
12 creatures vanquished.

Notes
Turn   | Place    | Note
-------+----------+-------------------------------------------
     0 | D:1      | pkoi the Spriggan Transmuter began the quest for the Orb.
     0 | D:1      | Reached XP level 1. HP: 9/9 MP: 5/5
   539 | D:1      | Reached skill level 3 in Transmutations
   539 | D:1      | Reached XP level 2. HP: 14/14 MP: 4/6
   734 | D:1      | Found a faded altar of an unknown god.
   769 | D:1      | Slain by a gnoll

Illustrated notes

Levels and vault maps discovered:
D:1:      dpeg_arrival_solitude, layout_basic, basic_ecumenical_altar,
          minmay_misc_feat_tiny

Skill      XL: |  1 |
---------------+----+-----
Transmutations | 3 |  3.0
Fighting       | |  0.7
Dodging        | |  2.6
Unarmed Combat | |  2.7
Spellcasting   | |  2.9
Necromancy     | |  0.3

Action                   || total
-------------------------++-------
Melee: Whip              ||    25
       Short sword       ||    11
       Kick              ||     5
       Headbutt          ||     2
 Cast: Beastly Appendage ||     6
Armor: Robe              ||     5
Dodge: Dodged            ||    35
